 Dungeon Crawl Stone Soup version 0.16.2-12-gd0ad4c3 (webtiles) character file.

36098 faibistes the Thaumaturge (level 13, -7/76 HPs)
             Began as a Deep Elf Wizard on Apr 30, 2018.
             Was the Champion of Sif Muna.
             Mangled by a death yak (18 damage)
             ... on level 6 of the Lair of Beasts on May 1, 2018.
             The game lasted 01:18:26 (27328 turns).

faibistes the Thaumaturge (Deep Elf Wizard)        Turns: 27328, Time: 01:18:26

Health: -7/76      AC: 12    Str:  4    XL:     13   Next: 51%
Magic:  5/45       EV: 16    Int: 31    God:    Sif Muna [******]
Gold:   620        SH:  0    Dex: 13    Spells: 10 memorised, 5 levels left

rFire  . . .     SeeInvis .     w - +0 dagger (drain)
rCold  . . .     Clarity  .     y - +2 animal skin
rNeg   . . .     SustAb   .     (no shield)
rPois  .         Gourm    +     b - +2 helmet
rElec  .         Spirit   .     A - +2 cloak
rCorr  .         Warding  .     f - +1 pair of gloves {archery}
rMut   .         Stasis   .     (no boots)
MR     +....                    E - amulet of the gourmand
Stlth  ++........               j - ring of magical power
                                C - +2 ring of intelligence

@: repel missiles, somewhat resistant to hostile enchantments, unstealthy
A: no striking features
a: Channel Energy, Forget Spell, Renounce Religion


You were on level 6 of the Lair of Beasts.
You worshipped Sif Muna.
Sif Muna was exalted by your worship.
You were very full.

You visited 3 branches of the dungeon, and saw 19 of its levels.

You collected 1070 gold pieces.
You spent 450 gold pieces at shops.

Inventory:

Hand weapons
 w - a +0 dagger of draining (weapon)
 W - a +3 spear of venom
Armour
 b - a +2 helmet (worn)
 f - a +1 pair of gloves of archery (worn)
 y - a +2 animal skin (worn)
 A - a +2 cloak (worn)
 U - the -3 pair of boots of Suilu {MR++ Dex-2 Slay+2}
   (You found it on level 8 of the Dungeon)

   It affects your dexterity (-2).
   It affects your accuracy and damage with ranged weapons and melee attacks
   (+2).
   It affects your resistance to hostile enchantments.
Jewellery
 g - an uncursed amulet of warding
 j - a ring of magical power (right hand)
 x - an uncursed ring of teleport control
 B - an uncursed ring of sustain abilities
 C - a +2 ring of intelligence (left hand)
 E - an amulet of the gourmand (around neck)
 H - an uncursed ring of see invisible
Magical devices
 l - a wand of digging (16)
 m - a wand of digging (9)
 q - a wand of paralysis (8)
 t - a wand of teleportation (0)
 z - a wand of frost (18)
 I - a wand of magic darts (18)
 K - a wand of enslavement (12)
 L - a wand of flame (48)
 N - a wand of slowing (19)
 P - a wand of confusion (29)
 Q - a wand of frost (34)
 R - a wand of random effects (16)
 S - a wand of magic darts (15)
 T - a wand of fire (6)
 V - a wand of magic darts (6)
 X - a wand of paralysis (10)
Scrolls
 n - 4 scrolls of remove curse
 o - 2 scrolls of immolation
 F - a scroll of holy word
 Y - a scroll of identify
 Z - a scroll of fear
Potions
 a - 2 potions of resistance
 c - a potion of curing
 e - 2 potions of cancellation
 h - 3 potions of might
 i - 6 potions of agility
 u - a potion of restore abilities
 v - 3 potions of heal wounds
 J - a potion of brilliance
 O - a potion of invisibility
Books
 r - Sif Muna's Grimoire of Arcane Weapons
   (Sif Muna gifted it to you on level 4 of the Lair of Beasts)

   Spells                             Type                      Level
   a - Flame Tongue                   Conjuration/Fire             1
   b - Sticky Flame                   Conjuration/Fire             4
   c - Throw Icicle                   Conjuration/Ice              4
   d - Lightning Bolt                 Conjuration/Air              5
   e - Freezing Cloud                 Conjuration/Ice/Air          6
Comestibles
 d - 9 bread rations
 k - 2 fruits
 s - 7 meat rations
 D - 12 royal jellies
 G - 3 slices of pizza
 M - 6 beef jerkies


   Skills:
 * Level 7.0 Fighting
 + Level 8.6 Dodging
 - Level 2.4 Stealth
 * Level 13.4 Spellcasting
 + Level 8.7 Conjurations
 - Level 7.4 Charms
   Level 3.8 Summonings
 + Level 6.6 Translocations
 * Level 7.0 Fire Magic
 - Level 5.1 Air Magic
 * Level 7.0 Earth Magic
 - Level 2.1 Poison Magic
 * Level 7.9 Invocations
 + Level 7.0 Evocations


You had 5 spell levels left.
You knew the following spells:

 Your Spells              Type           Power        Failure   Level  Hunger
a - Magic Dart            Conj           ####         1%          1    None
b - Conjure Flame         Conj/Fire      ######..     1%          3    None
c - Iskenderun's Battles  Conj/Chrm      ######..     2%          5    None
d - Blink                 Tloc           N/A          1%          2    None
e - Mephitic Cloud        Conj/Pois/Air  ######..     1%          3    None
f - Repel Missiles        Chrm/Air       ######       1%          2    None
g - Airstrike             Air            ######....   3%          4    None
v - Bolt of Magma         Conj/Fire/Erth ######....   3%          5    None
x - Force Lance           Conj/Tloc      ######..     1%          4    None
z - Iskenderun's Mystic   Conj           ######..     1%          4    None


Dungeon Overview and Level Annotations

Branches:
Dungeon (11/15)            Temple (1/1) D:4            Lair (7/8) D:9
 Shoals (0/5) Lair:6       Spider (0/5) Lair:5
  Slime: Lair:6-8       Orc: D:9-12

Altars:
Ashenzari
Cheibriados
Dithmenos
Elyvilon
Fedhas
Gozag
Kikubaaqudgha
Makhleb
Nemelex Xobeh
Okawaru
Qazlal
Ru
Sif Muna
Trog
Vehumet
Xom
Yredelemnul
Zin
The Shining One
Jiyva

Shops:
D:6 :

Annotations:
D:8 4 runed doors


Message History

Press: ? - help, Shift-Dir - straight line, f/p - death yak
Aim: a death yak (flame, almost dead)
The orb of energy hits the death yak.
You kill the death yak!
Your Fire Magic skill increases to level 7!
Your Evocations skill increases to level 7!
The orb of energy explodes!
The mystic blast hits the death yak.
The death yak is moderately wounded.
The death yak is engulfed in roaring flames.
The death yak gores you!!
The death yak is engulfed in roaring flames.
The death yak gores you!!
* * * LOW HITPOINT WARNING * * *
Unknown command.
Casting: Iskenderun's Mystic Blast
Confirm with . or Enter, or press ? or * to list all spells.
You blink.
The death yak is engulfed in roaring flames. x2
The death yak gores you!!
You die...

# ### .#### #.### #### ...#
#...# #..# #..###...## #..#
## #... ##...# #..##
####.##..# #...## #...###
#..P....§###....# #....##
.......§§Y#.....#####......
......*.Y.@#...#.##........
.........§...............#..
.........§................##
............#.............#
#..........#..P...........#
..........###..............
.........## #.........[....
..........# #..............
..........# ..............


You could see 2 death yaks.

Vanquished Creatures
  Gastronok (D:9)
  The ghost of faibistes the Thaumaturge, a powerful DEWz of Sif Muna (Lair:4)
  A catoblepas (Lair:3)
  2 hydras
  4 death yaks (Lair:6)
  Nergalle (Lair:5)
  A fire crab (Lair:6)
  Pikel (D:8)
  A hill giant (D:6)
  A manticore (Lair:6)
  2 griffons
  A black mamba (Lair:5)
  Joseph (D:7)
  A torpor snail (Lair:3)
  8 spiny frogs
  4 komodo dragons
  A queen bee (Lair:2)
  A fire drake (Lair:1)
  Grinder (D:4)
  14 blink frogs
  A basilisk (Lair:3)
  2 wyverns
  48 yaks
  A redback (Lair:5)
  Eustachio (D:8)
  A deep elf mage (D:9)
  4 hippogriffs
  Grum (D:8)
  A hungry ghost (D:10)
  10 wolves
  9 porcupines
  8 water moccasins
  A sky beast (D:9)
  2 orc warriors (D:7)
  2 slaves (D:8)
  A boring beetle (Lair:6)
  A necrophage (D:8)
  3 black bears
  An ice beast (D:8)
  4 ogres
  2 centaurs (D:8)
  12 crocodiles
  15 giant frogs
  A gnoll sergeant (D:9)
  A wyvern skeleton (D:9)
  3 scorpions
  29 killer bees
  3 electric eels
  2 goliath beetles (D:7)
  A gnoll shaman (D:7)
  2 crimson imps
  8 iguanas
  2 orc priests (D:7)
  A centaur skeleton (D:9)
  4 jellies
  Crazy Yiuf (D:4)
  7 hounds
  A giant frog skeleton (D:4)
  5 orc wizards
  26 sheep
  9 worker ants
  Ijyb (D:3)
  3 hound skeletons
  3 worker ant zombies
  Robin (D:4)
  85 river rats
  16 adders
  10 gnolls
  2 giant mites
  2 shadow imps
  2 worms
  4 adder skeletons
  An adder zombie (D:9)
  6 giant geckos
  2 oozes
  22 orcs
  A bat zombie (D:5)
  2 giant cockroaches (D:5)
  19 goblins
  14 hobgoblins
  9 jackals
  12 quokkas
  12 bats
  A giant gecko skeleton (D:5)
  9 giant newts
  A jackal skeleton (D:4)
  16 kobolds
  A quokka skeleton (D:4)
  20 rats
  A spectral orc (Lair:5)
563 creatures vanquished.

Vanquished Creatures (collateral kills)
  3 killer bees (Lair:2)
  A gnoll (D:7)
  A goblin (D:5)
  5 jackals
10 creatures vanquished.

Vanquished Creatures (others)
  A yak (Lair:3)
  A killer bee (D:8)
  A shadow imp (D:9)
  A jackal (D:8)
  A giant spore (D:7)
  12 fungi
  9 plants
26 creatures vanquished.

Grand Total: 599 creatures vanquished

Notes
Turn   | Place    | Note
--------------------------------------------------------------
     0 | D:1      | faibistes, the Deep Elf Wizard, began the quest for the Orb.
     0 | D:1      | Reached XP level 1. HP: 10/10 MP: 6/6
   376 | D:1      | Reached XP level 2. HP: 13/15 MP: 0/10
   380 | D:1      | Learned a level 2 spell: Blink
   383 | D:1      | Learned a level 2 spell: Call Imp
   997 | D:1      | Reached skill level 5 in Spellcasting
  1457 | D:1      | Reached XP level 3. HP: 19/19 MP: 10/14
  1462 | D:1      | Learned a level 3 spell: Conjure Flame
  1466 | D:1      | Learned a level 3 spell: Mephitic Cloud
  2169 | D:2      | Learned a level 2 spell: Repel Missiles
  2264 | D:2      | Reached XP level 4. HP: 24/24 MP: 12/17
  2539 | D:4      | Noticed a scorpion
  2545 | D:4      | Killed a scorpion
  2704 | D:3      | Reached XP level 5. HP: 28/28 MP: 14/20
  2738 | D:3      | Noticed Ijyb
  2748 | D:3      | Killed Ijyb
  2748 | D:3      | Reached skill level 6 in Spellcasting
  3158 | D:3      | Found an opulent altar of Gozag.
  3725 | D:5      | Entered Level 5 of the Dungeon
  3749 | D:4      | Noticed Robin
  4536 | D:5      | Reached XP level 6. HP: 31/33 MP: 15/22
  4861 | D:4      | Killed Robin
  4991 | D:4      | Noticed Grinder
  4992 | D:4      | Paralysed by Grinder for 2 turns
  5000 | D:4      | Killed Grinder
  5000 | D:4      | Reached skill level 7 in Spellcasting
  5284 | D:4      | Reached XP level 7. HP: 40/40 MP: 21/25
  5325 | D:4      | Noticed Crazy Yiuf
  5335 | D:4      | Killed Crazy Yiuf
  5905 | D:4      | Found a staircase to the Ecumenical Temple.
  5911 | Temple   | Entered the Ecumenical Temple
  5998 | Temple   | Became a worshipper of Sif Muna the Loreminder
  6456 | D:5      | Found a radiant altar of Vehumet.
  6456 | D:5      | Found a burning altar of Makhleb.
  6457 | D:5      | Found an iron altar of Okawaru.
  6459 | D:5      | Found an ancient bone altar of Kikubaaqudgha.
  6844 | D:6      | Reached skill level 1 in Air Magic
  6874 | D:6      | Found a sacrificial altar of Ru.
  6886 | D:6      | Reached skill level 1 in Fire Magic
  6942 | D:6      | Noticed a black bear
  6950 | D:6      | Killed a black bear
  7015 | D:6      | Found a bloodstained altar of Trog.
  7015 | D:6      | Noticed a black bear
  7028 | D:6      | Killed a black bear
  7028 | D:6      | Reached skill level 8 in Spellcasting
  7545 | D:7      | Reached XP level 8. HP: 39/45 MP: 12/27
  7658 | D:6      | Noticed a hill giant
  7677 | D:6      | Killed a hill giant
  7677 | D:6      | Acquired Sif Muna's first power
  7677 | D:6      | Reached skill level 5 in Dodging
  7677 | D:6      | Reached skill level 1 in Poison Magic
  7886 | D:6      | Reached skill level 5 in Conjurations
  8327 | D:6      | Acquired Sif Muna's second power
  8654 | D:6      | Found Huugyu's Book Boutique.
  8907 | D:6      | Learned a level 4 spell: Airstrike
  8911 | D:7      | Reached skill level 9 in Spellcasting
  9055 | D:7      | Noticed Joseph
  9196 | D:6      | Reached XP level 9. HP: 33/49 MP: 29/29
  9323 | D:7      | Killed Joseph
  9323 | D:7      | Reached skill level 1 in Invocations
  9472 | D:7      | Reached skill level 1 in Charms
  9506 | D:7      | Reached skill level 1 in Evocations
 10267 | D:7      | Found a sparkling altar of Nemelex Xobeh.
 10267 | D:7      | Found a shadowy altar of Dithmenos.
 10956 | D:8      | Found a huge runed gate.
 10956 | D:8      | Found a huge runed gate.
 10956 | D:8      | Found a huge runed gate.
 10956 | D:8      | Found a huge runed gate.
 10956 | D:8      | Noticed a griffon
 10957 | D:8      | Noticed a polar bear
 11051 | D:8      | Noticed a polar bear
 11051 | D:8      | Noticed a polar bear
 11232 | D:8      | Reached skill level 10 in Spellcasting
 11586 | D:9      | Noticed Pikel
 11631 | D:8      | Reached XP level 10. HP: 39/56 MP: 4/31
 11850 | D:9      | Noticed Grum
 11919 | D:8      | Killed Pikel
 11919 | D:8      | Acquired Sif Muna's third power
 11919 | D:8      | Reached skill level 5 in Air Magic
 12053 | D:8      | Killed Grum
 12428 | D:6      | Bought a book of Power for 450 gold pieces
 12434 | D:6      | Learned a level 5 spell: Bolt of Magma
 12439 | D:6      | Learned a level 4 spell: Iskenderun's Mystic Blast
 12519 | D:8      | Got a pair of fine boots
 12525 | D:8      | Identified the cursed -3 pair of boots of Suilu {MR++ Dex-2 Slay+2} (You found it on level 8 of the Dungeon)
 12647 | D:8      | Noticed Eustachio
 12672 | D:8      | Killed Eustachio
 13194 | D:8      | Found a burning altar of Makhleb.
 13628 | D:10     | Entered Level 10 of the Dungeon
 13753 | D:9      | Noticed Gastronok
 13761 | D:9      | Killed Gastronok
 13903 | D:9      | Found a staircase to the Lair.
 13903 | D:9      | Noticed a komodo dragon
 13903 | D:9      | Noticed a spiny frog
 13903 | D:9      | Noticed a spiny frog
 13913 | D:9      | Killed a spiny frog
 13928 | D:9      | Killed a spiny frog
 13940 | D:9      | Killed a komodo dragon
 13940 | D:9      | Reached XP level 11. HP: 36/62 MP: 20/32
 14119 | D:9      | Reached skill level 11 in Spellcasting
 14119 | D:9      | Reached skill level 5 in Charms
 14526 | D:9      | Found a white marble altar of Elyvilon.
 15182 | D:9      | Found a glowing silver altar of Zin.
 15183 | D:9      | Found a stormy altar of Qazlal.
 15352 | D:9      | Identified a scroll of acquirement
 15353 | D:9      | Identified Qyusul's Reference Book on Translocation (You acquired it on level 9 of the Dungeon)
 15359 | D:9      | Learned a level 4 spell: Force Lance
 15580 | Lair:1   | Entered Level 1 of the Lair of Beasts
 15581 | Lair:1   | Reached skill level 5 in Invocations
 16524 | Lair:1   | Reached skill level 5 in Fighting
 17851 | Lair:2   | Received a gift from Sif Muna
 17851 | Lair:2   | Reached skill level 5 in Evocations
 17852 | Lair:2   | Identified Sif Muna's Guide on the Supportive Rocks (Sif Muna gifted it to you on level 2 of the Lair of Beasts)
 17902 | Lair:2   | Reached skill level 5 in Translocations
 18293 | Lair:2   | Reached XP level 12. HP: 68/68 MP: 34/34
 18346 | Lair:2   | Reached skill level 12 in Spellcasting
 18800 | Lair:2   | Learned a level 5 spell: Iskenderun's Battlesphere
 19228 | Lair:3   | Reached skill level 5 in Fire Magic
 19451 | Lair:3   | Reached skill level 5 in Earth Magic
 20235 | Lair:4   | Noticed a catoblepas
 20242 | Lair:3   | Killed a catoblepas
 22257 | Lair:4   | Noticed faibistes' ghost (powerful DEWz)
 22265 | Lair:4   | Killed faibistes' ghost
 23365 | Lair:6   | Found a staircase to the Shoals.
 23372 | Lair:6   | Reached skill level 13 in Spellcasting
 23372 | Lair:6   | Reached XP level 13. HP: 70/75 MP: 15/36
 23398 | Lair:5   | Noticed Nergalle
 23756 | Lair:4   | Noticed a five-headed hydra
 23766 | Lair:4   | Killed a five-headed hydra
 23766 | Lair:4   | Received a gift from Sif Muna
 23767 | Lair:4   | Identified Sif Muna's Grimoire of Arcane Weapons (Sif Muna gifted it to you on level 4 of the Lair of Beasts)
 24982 | Lair:5   | Killed Nergalle
 25212 | Lair:5   | Found a hole to the Spider Nest.
 26625 | Lair:6   | Noticed a five-headed hydra
 26638 | Lair:6   | Killed a five-headed hydra
 27328 | Lair:6   | Mangled by a death yak

Action                   |  1- 3 |  4- 6 |  7- 9 | 10-12 | 13-15 || total
-------------------------+-------+-------+-------+-------+-------++-------
Melee: Short sword       |     2 |       |       |       |       ||     2
       Dagger            |       |    17 |    46 |    56 |     1 ||   120
 Cast: Magic Dart        |   100 |   146 |   216 |   128 |    70 ||   660
       Call Imp          |     6 |     2 |       |       |       ||     8
       Blink             |     4 |     4 |    15 |    15 |     5 ||    43
       Mephitic Cloud    |     1 |     6 |    33 |    20 |     1 ||    61
       Repel Missiles    |     1 |     1 |     1 |       |       ||     3
       Conjure Flame     |       |     4 |    34 |    82 |    19 ||   139
       Airstrike         |       |       |    69 |    70 |    12 ||   151
       Iskenderun's Myst |       |       |       |   125 |    12 ||   137
       Force Lance       |       |       |       |    55 |    15 ||    70
       Bolt of Magma     |       |       |       |    73 |    30 ||   103
       Iskenderun's Batt |       |       |       |    27 |    29 ||    56
Invok: Channel Energy    |       |       |     5 |    76 |    19 ||   100
Evoke: Wand              |       |       |       |     2 |     2 ||     4
  Use: Scroll            |       |     5 |     7 |    18 |     5 ||    35
       Potion            |       |       |       |       |     1 ||     1
 Stab: Confused          |       |       |     3 |       |       ||     3
       Sleeping          |       |       |     1 |       |       ||     1
       Distracted        |       |       |       |     1 |       ||     1
  Eat: Chunk             |     4 |     9 |    28 |    49 |    28 ||   118
